 Dungeon Crawl Stone Soup version 0.30-a0-845-g7c6808c8ce (webtiles) character file.

Game seed: 7657106099933275561

16 demibob the Sneak (level 2, -2/22 HPs)
             Began as a Demonspawn Wanderer on Mar 2, 2023.
             Slain by a jackal (3 damage)
             ... on level 1 of the Dungeon.
             The game lasted 00:01:11 (453 turns).

demibob the Sneak (Demonspawn Wanderer)              Turns: 453, Time: 00:01:12

Health: -2/22      AC:  3    Str: 11 (14) XL:     2   Next: 37%
Magic:  2/2        EV: 10    Int:  9 (11) God:
Gold:   38         SH:  0    Dex:  9 (12) Spells: 1/1 levels left

rFire   . . .      SeeInvis .    a - +3 dagger
rCold   . . .      Faith    .    (no shield)
rNeg    . . .      Spirit   .    e - +0 leather armour
rPois   .          Reflect  .    (no helmet)
rElec   .          Rampage  .    (no cloak)
rCorr   .                        (no gloves)
Will    .....                    (no boots)
Stlth   ++                       (no amulet)
HPRegen 0.23/turn                (no ring)
MPRegen 0.08/turn                (no ring)

@: hasted (expiring), very quick
A: claws 1
a: no special abilities


You were on level 1 of the Dungeon.
You visited 1 branch of the dungeon, and saw 1 of its levels.

You collected 38 gold pieces.


Innate Abilities, Weirdness & Mutations

You have sharp fingernails.


   Skills:
 - Level 2.0 Fighting
 + Level 1.9 Short Blades
 - Level 1.7 Ranged Weapons
 - Level 1.7 Armour
 - Level 3.6 Stealth


You had one spell level left.
You didn't know any spells.
Your spell library contained the following spells:

 Spells                   Type           Power      Damage    Failure   Level
 Sandblast                Erth           0%         2d4       47%         1
 Passwall                 Tmut/Erth      0%         N/A       63%         2
 Stone Arrow              Conj/Erth      0%         3d7       85%         3

Inventory:

Hand Weapons
 a - a +3 dagger (weapon)
 c - a +0 sling
 i - a +0 dagger of draining
Armour
 e - a +0 leather armour (worn)
Scrolls
 d - a scroll of summoning
 f - a scroll of fog {unknown}
 g - a scroll of enchant armour {unknown}
Potions
 h - a potion of degeneration

Dungeon Overview and Level Annotations

Branches:
Dungeon (1/15)

Altars:

#.# ###.###....# ### #.# #.#
####.# ..##########.########.#
#.# ...............#......# #.#
..##########.#)#.###### #b### ..#
#...#.#.# #...# ..# #.###.#.#
######b# ..# #.....#)# #......##
..# #######@########.##.....
..########....##h##........#.###.
.........'......h...........># #.
##########.......##.#......#g###.
#....##....#.......g....
#....##.#..########h####
#....##.##..............
##....##.##.########J####
#...........#### #.#


You could see 2 jackals.


Message History

The jackal barks!
You hit the bat.
You kill the bat!
The jackal bites you.
* * * LOW HITPOINT WARNING * * *
You closely miss the jackal. The jackal barely misses you.
You hit the jackal.
The jackal is moderately wounded.
The jackal closely misses you.
You hit the jackal but do no damage.
The jackal is moderately wounded.
The jackal bites you.
* * * LOW HITPOINT WARNING * * *
You barely miss the jackal.
The jackal is moderately wounded.
The jackal bites you but does no damage.
You closely miss the jackal. Your claw misses the jackal.
The jackal is moderately wounded.
You hit the jackal but do no damage.
Your extra speed is starting to run out.
You closely miss the jackal. The jackal bites you.
* * * LOW HITPOINT WARNING * * *
You hit the jackal but do no damage. The jackal bites you.
* * * LOW HITPOINT WARNING * * *
You barely miss the jackal. The jackal bites you.
* * * LOW HITPOINT WARNING * * *
You hit the jackal but do no damage. The jackal bites you.
* * * LOW HITPOINT WARNING * * *
You barely miss the jackal. The jackal bites you.
You die...

Skill      XL: |  1 |
---------------+----+-----
Short Blades   | 1 |  1.9
Fighting       | |  2.0
Ranged Weapons | |  1.7
Armour         | |  1.7
Stealth        | |  3.6

Action                     || total
---------------------------++-------
  Melee: Dagger            ||    65
    Use: Potion            ||     2
   Stab: Sleeping          ||     1
 Armour: Leather armour    ||    27
  Dodge: Dodged            ||    47

Levels and vault maps discovered:
D:1:      ncdulo_smallfort, layout_basic, minmay_tiny_reverse_x

Notes
Turn   | Place    | Note
-------+----------+-------------------------------------------
     0 | D:1      | demibob the Demonspawn Wanderer began the quest for the
                  | Orb.
     0 | D:1      | demibob set off with the following items: a +3 dagger, a
                  | potion of haste {@q3}, a +0 sling, a scroll of summoning, a
                  | +0 leather armour.
     0 | D:1      | Reached XP level 1. HP: 16/16 MP: 1/1
    72 | D:1      | Reached skill level 1 in Short Blades
   269 | D:1      | Gained mutation: You have sharp fingernails. [demonic
                  | ancestry]
   269 | D:1      | Reached XP level 2. HP: 12/22 MP: 2/2
   397 | D:1      | HP: 2/22 [jackal (1)]
   450 | D:1      | HP: 2/22 [jackal (1)]
   453 | D:1      | Slain by a jackal

Vanquished Creatures
  2 ball pythons (D:1)
  An endoplasm (D:1)
  2 goblins (D:1)
  A hobgoblin (D:1)
  A jackal (D:1)
  4 bats (D:1)
  2 frilled lizards (D:1)
  A kobold (D:1)
14 creatures vanquished.

Table legend: (Time is in decaauts)
 A = Elapsed time spent in this place.
 B = Non-inter-level travel time spent in this place.
 C = Inter-level travel time spent in this place.
 D = Time resting spent in this place.
 E = Time spent auto-exploring this place.
 F = Levels seen in this place.
 G = Mean time per level.
                   A        B        C        D        E       F      G
               +--------+--------+--------+--------+--------+-----+--------+
         Total |    432 |    432 |      0 |      0 |    301 |   1 |  432.0 |
       Dungeon |    432 |    432 |      0 |      0 |    301 |   1 |  432.0 |
               +--------+--------+--------+--------+--------+-----+--------+

Top non-repeatable levels by time:
     D:1: 432 daAuts

Table legend:
 A = Non-vault XP
 B = Vault XP
 C = Vault XP percentage of total XP
 D = Non-vault monster count
 E = Vault monster count
 F = Vault count percentage of total count
                 A         B        C        D         E       F
            +---------+---------+-------+---------+---------+-------
      Total |      21 |       2 |   8.7 |      12 |       2 |  14.3
            +---------+---------+-------+---------+---------+-------
        D:1 |      21 |       2 |   8.7 |      12 |       2 |  14.3
            +---------+---------+-------+---------+---------+-------
